 Dungeon Crawl Stone Soup version 0.25.0-41-g26779e291d (webtiles) character file.

Game seed: 15673547453499379300

93 funkygono the Firebug (level 4, 0/34 HPs)
             Began as a Draconian Fire Elementalist on July 10, 2020.
             Killed from afar by Sigmund (1 damage)
             ... with a magic dart
             ... on level 3 of the Dungeon.
             The game lasted 00:04:41 (2085 turns).

funkygono the Firebug (Draconian Fire Elementalist) Turns: 2085, Time: 00:04:42

Health: 0/34       AC:  6    Str: 11    XL:     4   Next: 36%
Magic:  1/8        EV: 12    Int: 16    God:
Gold:   112        SH:  0    Dex: 11    Spells: 3/8 levels left

rFire    . . .     SeeInvis .   n - +0 whip
rCold    . . .     Gourm    .   (no shield)
rNeg     . . .     Faith    .   (armour unavailable)
rPois    .         Spirit   .   (helmet restricted)
rElec    .         Reflect  .   (no cloak)
rCorr    .         Harm     .   h - +0 pair of gloves
MR       .....                  (no boots)
Stlth    ++........             (no amulet)
HPRegen  0.11/turn              (no ring)
MPRegen  0.11/turn              (no ring)

@: hasted, very quick
A: unfitting armour, cold-blooded, AC +5
a: no special abilities


You were on level 3 of the Dungeon.
You were not hungry.

You visited 1 branch of the dungeon, and saw 3 of its levels.

You collected 112 gold pieces.

Inventory:

Hand Weapons
 n - a +0 whip (weapon)
Missiles
 e - 115 stones (quivered)
Armour
 h - a +0 pair of gloves (worn)
Scrolls
 g - a scroll of identify
Potions
 c - a potion of resistance
 d - a potion of curing
 f - a potion of haste
 i - a potion of berserk rage {unknown}
 l - a potion of magic {unknown}
 m - a potion of brilliance {unknown}
Comestibles
 a - 5 chunks of flesh
 b - 4 rations


   Skills:
 + Level 0.5 Fighting
 + Level 0.5 Maces & Flails
 + Level 1.9 Dodging
 + Level 2.0 Stealth
 + Level 2.9 Spellcasting
 + Level 1.7 Conjurations
 + Level 3.9 Fire Magic


You had 3 spell levels left.
You knew the following spells:

 Your Spells              Type           Power        Failure   Level  Hunger
a - Foxfire               Conj/Fire      ##..         6%          1    #......
b - Sticky Flame          Conj/Fire      ##......     50%         4    #####..

Your spell library contained the following spells:

 Spells                   Type           Power        Failure   Level  Hunger
 Conjure Flame            Conj/Fire      ##......     17%         3    ###....
 Inner Flame              Hex/Fire       #.......     26%         3    ###....
 Fireball                 Conj/Fire      ##........   85%         5    ######.


Dungeon Overview and Level Annotations

Branches:
Dungeon (3/15)

Altars:

Annotations:
D:3 Sigmund


Innate Abilities, Weirdness & Mutations

Your plain brown scales are hard. (AC +5)
You cannot fit into any form of body armour.
You are cold-blooded and may be slowed by cold attacks.


Message History

You hit Sigmund.
Sigmund is severely wounded.
You hit Sigmund but do no damage.
Sigmund is severely wounded.
Sigmund hits you with a +1 scythe of protection.
You hit Sigmund but do no damage.
Sigmund is severely wounded.
Sigmund gestures wildly while chanting.
Sigmund flickers and vanishes!
Deactivating autopickup; reactivate with Ctrl-A.
You barely miss something. Something hits you.
You hit something. Something hits you!
* * * LOW HITPOINT WARNING * * *
You barely miss something. You tail-slap something.
Unknown command.
It was a potion of haste.
You feel yourself speed up.
You hear some strange, mumbled words.
A magic dart appears from out of thin air!
The magic dart hits you.
You die...

### #.. # #.# # #.# #
#.# # ####.####... #
###########.........# #
#..............#######
###.#########.#.@.......
....# #รท#.{.......
##### #.#...###### #
#......## # #.......# #
##.....## # ##...## #
##.## #.#


There were no monsters in sight!

Vanquished Creatures
  3 adders
  An ooze (D:2)
  A worm (D:2)
  4 dart slugs
  3 leopard geckos
  6 bats
  5 giant cockroaches
  7 hobgoblins
  A quokka (D:3)
  7 frilled lizards
  3 goblins
  3 kobolds
  4 rats (D:1)
48 creatures vanquished.

Vanquished Creatures (collateral kills)
  A ball python (D:1)
1 creature vanquished.

Vanquished Creatures (others)
  136 foxfires
136 creatures vanquished.

Grand Total: 185 creatures vanquished

Notes
Turn   | Place    | Note
-------+----------+-------------------------------------------
     0 | D:1      | funkygono the Draconian Fire Elementalist began the quest
                  | for the Orb.
     0 | D:1      | Reached XP level 1. HP: 14/14 MP: 3/3
   209 | D:1      | Reached XP level 2. HP: 20/20 MP: 0/5
  1046 | D:2      | Reached XP level 3. HP: 24/26 MP: 1/6
  1435 | D:2      | Reached XP level 4. HP: 34/34 MP: 1/8
  1441 | D:2      | Learned a level 4 spell: Sticky Flame
  2056 | D:3      | Noticed Sigmund
  2083 | D:3      | HP: 1/34 [something (15)]
  2085 | D:3      | Killed from afar by Sigmund

Illustrated notes

Levels and vault maps discovered:
D:1:      minmay_arrival_stone_box, layout_loops_ring, fountainhead
D:2:      layout_rooms
D:3:      layout_loops_ring, grunt_ashenzari_visionary
          [grunt_ashenzari_visionary_shoals, grunt_ashenzari_visionary_snake],
          uniq_sigmund

Skill      XL: |  1  2 |
---------------+-------+-----
Stealth        | 2 |  2.0
Fighting       | |  0.5
Maces & Flails | |  0.5
Dodging        | |  1.9
Spellcasting   | |  2.9
Conjurations   | |  1.7
Fire Magic     | |  3.9

Action                   |  1- 3 |  4- 6 || total
-------------------------+-------+-------++-------
Melee: Club              |    16 |       ||    16
       Tailslap          |     1 |     2 ||     3
       Whip              |       |    11 ||    11
 Cast: Foxfire           |    65 |    26 ||    91
  Use: Scroll            |       |     7 ||     7
       Potion            |       |     1 ||     1
  Eat: Chunk             |     3 |     2 ||     5
Armor: Skin              |    15 |     2 ||    17
Dodge: Dodged            |    23 |     3 ||    26
